 Dungeon Crawl Stone Soup version 0.30-a0-121-gb27577e5d9 (webtiles) character file.

Game seed: 15850694737486267523

4869 drugrobin the Cutter (level 10, -13/79 (84) HPs)
             Began as a Demigod Delver on Sept 15, 2022.
             Killed from afar by Maggie (17 damage)
             ... with a bolt of fire
             ... on level 9 of the Dungeon.
             The game lasted 00:27:34 (8148 turns).

drugrobin the Cutter (Demigod Delver)               Turns: 8148, Time: 00:27:34

HP:   -13/79 (84)   AC: 15    Str: 16    XL:     10   Next: 5%
MP:   19/19         EV: 15    Int: 20    God:
Gold: 407           SH:  4    Dex: 19    Spells: 11/16 levels left

rFire   . . .      SeeInvis .    a - +1 dagger of Impermanence {spect, +Blink rPois}
rCold   . . .      Faith    .    R - +0 buckler {AC+3}
rNeg    . . .      Spirit   .    t - +2 robe "Veffaask" {Rampage Regen+ Str+3}
rPois   +          Reflect  .    P - +1 hat
rElec   .          Harm     .    A - scarf {shadows}
rCorr   .          Rampage  +    U - +0 pair of gloves
Will    +....                    C - +1 pair of boots
Stlth   +++.......               e - amulet of regeneration
HPRegen 1.83/turn                i - +4 ring of protection
MPRegen 0.16/turn                (no ring)

@: drained
A: high MP 1, forlorn, divine attributes
a: Evoke Blink


You were on level 9 of the Dungeon.
You visited 2 branches of the dungeon, and saw 10 of its levels.

You collected 407 gold pieces.

Inventory:

Hand Weapons
 a - the +1 dagger of Impermanence (weapon) {spect, +Blink rPois}
   (You found it on level 5 of the Dungeon)

   When its wielder attacks, the weapon's spirit leaps out and strikes again.
   The spirit shares a part of any damage it takes with its wielder.
   rPois:     It protects you from poison.
   +Blink:    It lets you blink.
 b - a +4 antimagic dagger
 c - a +1 dagger of holy wrath
 d - a +0 rapier
 p - a +0 long sword
Missiles
 h - 52 stones
 r - 5 poisoned darts
 E - a boomerang (quivered)
Armour
 n - a +0 chain mail
 t - the +2 robe "Veffaask" (worn) {Rampage Regen+ Str+3}
   (You found it on level 4 of the Dungeon)

   Str:       It affects your strength (+3).
   Regen:     It increases your rate of health regeneration.
   Rampage:   It bestows one free step when moving towards enemies.
 A - a scarf of shadows (worn)
 C - a +1 pair of boots (worn)
 P - a +1 hat (worn)
 R - a +0 buckler of protection (worn)
 U - a +0 pair of gloves (worn)
Magical Staves
 L - a staff of cold
Jewellery
 e - an amulet of regeneration (around neck)
 i - a +4 ring of protection (left hand)
 K - the amulet "Paasmibb" {Harm rElec rF+ Regen+ MP+9}
   (You found it on level 5 of the Dungeon)

   [amulet of regeneration]

   rF:        It protects you from fire.
   rElec:     It insulates you from electricity.
   MP:        It affects your magic capacity (+9).
   Regen:     It increases your rate of health regeneration.
   Harm:      It increases damage dealt and taken.
Wands
 g - a wand of digging (1)
 V - a wand of quicksilver (5)
Scrolls
 k - 3 scrolls of poison {unknown}
 l - 3 scrolls of acquirement {unknown}
 q - a scroll of enchant weapon {unknown}
 v - a scroll of summoning {unknown}
 w - 4 scrolls of brand weapon {unknown}
 x - a scroll of butterflies {unknown}
 y - a scroll of amnesia
 z - 3 scrolls of noise {unknown}
 B - a scroll of vulnerability
 H - a scroll of fog
 N - 5 scrolls of magic mapping
 O - 3 scrolls of teleportation {unknown}
 S - a scroll of torment {unknown}
Potions
 f - a potion of haste
 j - 3 potions of brilliance
 m - 3 potions of curing
 o - a potion of resistance {unknown}
 s - 3 potions of degeneration {unknown}
 u - 2 potions of might {unknown}
 D - 3 potions of ambrosia {unknown}
 F - a potion of attraction {unknown}
 G - 4 potions of flight {unknown}
 J - 3 potions of mutation {unknown}
 M - a potion of lignification {unknown}
 Q - a potion of cancellation {unknown}
 T - a potion of berserk rage {unknown}


   Skills:
 + Level 6.7 Fighting
 + Level 7.5 Short Blades
 - Level 5.8 Dodging
 - Level 4.9 Stealth
 + Level 3.8 Spellcasting
 - Level 3.0 Conjurations
 + Level 6.0 Translocations


You had 11 spell levels left.
You knew the following spells:

 Your Spells              Type           Power      Damage    Failure   Level
a - Iskenderun's Mystic   Conj/Tloc      21%        2d6       28%         4
b - Summon Small Mammal   Summ           12%        N/A       19%         1

Your spell library contained the following spells:

 Spells                   Type           Power      Damage    Failure   Level
 Apportation              Tloc           54%        N/A       1%          1
 Portal Projectile        Hex/Tloc       30%        N/A       16%         3
 Necrotise                Necr           12%        1d4       19%         1
 Dazzling Flash           Conj/Hex       18%        N/A       28%         3
 Call Canine Familiar     Summ           3%         N/A       47%         3
 Vampiric Draining        Necr           3%         2d6       47%         3
 Leda's Liquefaction      Hex/Erth       1%         N/A       87%         4
 Dispersal                Tloc           13%        N/A       93%         6
 Agony                    Necr           3%         N/A       99%         5
 Starburst                Conj/Fire      4%         6d4       100%        6
 Disjunction              Tloc           13%        N/A       100%        8


Dungeon Overview and Level Annotations

Branches:
Dungeon (9/15)             Temple (1/1) D:7
   Lair: D:8-11         Orc: D:9-12

Shops:
D:3 [

Annotations:
D:9 Maggie


Innate Abilities, Weirdness & Mutations

You have an increased reservoir of magic. (+10% MP)
You shall have no god before yourself.
Your divine heritage dramatically boosts your attributes as you level up.


Message History

Your +1 dagger of Impermanence {spect, +Blink rPois} hits Maggie.
Maggie hits you but does no damage.
You feel drained.
Maggie hits your +1 dagger of Impermanence {spect, +Blink rPois} with a +0 war axe of draining.
Your spectral weapon shares its damage with you!
Unknown command.
Unknown command.
Unknown command.
Okay, then.
You hit Maggie but do no damage.
Maggie is lightly wounded.
Your +1 dagger of Impermanence {spect, +Blink rPois} barely misses Maggie.
The tengu conjurer gestures at you while chanting.
The bolt of lightning hits you!! x2
* * * LOW HITPOINT WARNING * * *
Maggie hits you with a +0 war axe of draining.
* * * LOW HITPOINT WARNING * * *
You feel drained.
Maggie hits your +1 dagger of Impermanence {spect, +Blink rPois} with a +0 war axe of draining.
Your spectral weapon shares its damage with you!
* * * LOW HITPOINT WARNING * * *
Unknown command.
Okay, then.
You feel much better.
The tengu conjurer casts a spell at you.
The bolt of lightning hits you! The bolt of lightning hits you!!
* * * LOW HITPOINT WARNING * * *
Maggie casts a spell.
Maggie attempts to bespell you! You resist with some effort.
Unknown command.
Unknown command.
Okay, then.
Aiming: Quicksilver Bolt
Press: ? - help, Shift-Dir - straight line, f - tengu conjurer, p - battlesphere
Aim: a tengu conjurer (almost dead, 46% to hit)
The bolt of dispelling energy hits the tengu conjurer!
You kill the tengu conjurer!
The battlesphere dissipates.
Maggie points at you and mumbles some strange words.
The bolt of fire hits you!
You die...

................#
................#######
.................>....#
.........#####........#
.........# #........#
.....###.# #..†)○...#
.....# #.# #........#
...### #.# #........#
...# #.# #.@@.....# ###
##(§......# #.###.....#
####..#.....# .
#.Q.#####...# .
####..Q.#...# .
#########


You could see Maggie.

Vanquished Creatures
  A cyclops (D:9)
  Joseph (D:8)
  A tengu conjurer (D:9)
  Grinder (D:6)
  4 yaks
  A shadow (D:6)
  2 steam dragons (D:8)
  Menkaure (D:6)
  3 water moccasins
  A black bear (D:8)
  A sky beast (D:7)
  An orc warrior (Temple)
  An ice beast (D:6)
  3 ogres
  A centaur (D:8)
  3 bullfrogs
  A scorpion (D:5)
  16 killer bees
  5 howler monkeys
  A crimson imp (D:5)
  2 orc priests
  A jelly (D:7)
  2 gnoll boudas
  6 hounds
  Jessica (D:2)
  An iguana (D:5)
  An orc wizard (Temple)
  10 gnolls
  7 adders
  2 white imps
  2 ufetubi (D:5)
  A worm (D:2)
  A dart slug (D:4)
  10 orcs
  4 endoplasms
  6 giant cockroaches
  9 goblins
  6 hobgoblins
  2 jackals (D:1)
  7 kobolds
  2 quokkas
  8 ball pythons
  4 bats
  5 frilled lizards
  A goblin skeleton (D:5)
  4 hobgoblin zombies (D:5)
  A kobold skeleton (D:5)
  An orc skeleton (D:5)
  8 rats
164 creatures vanquished.

Notes
Turn   | Place    | Note
-------+----------+-------------------------------------------
     0 | D:5      | drugrobin the Demigod Delver began the quest for the Orb.
     0 | D:5      | Reached XP level 1. HP: 18/18 MP: 3/3
    17 | D:5      | Noticed a hound
   289 | D:3      | Reached skill level 2 in Short Blades
   372 | D:3      | Noticed an orc priest
   425 | D:2      | Reached XP level 2. HP: 25/25 MP: 4/4
   459 | D:2      | Noticed Jessica
   494 | D:2      | Killed Jessica
   495 | D:2      | Reached skill level 3 in Short Blades
   495 | D:2      | Reached XP level 3. HP: 30/30 MP: 5/5
   919 | D:1      | Reached skill level 4 in Short Blades
  1228 | D:1      | Reached XP level 4. HP: 37/37 MP: 6/6
  1833 | D:3      | Found Imiumironu's Armour Shop.
  2512 | D:4      | Noticed a water moccasin
  2584 | D:4      | Killed a water moccasin
  2585 | D:4      | Reached skill level 5 in Short Blades
  2585 | D:4      | Reached XP level 5. HP: 12/42 MP: 7/7
  2774 | D:4      | Reached skill level 6 in Short Blades
  2822 | D:4      | Identified the +2 robe "Veffaask" {Rampage Regen+ Str+3}
  2846 | D:4      | Learned a level 4 spell: Iskenderun's Mystic Blast
  2983 | D:5      | Noticed Grinder
  3052 | D:5      | Reached XP level 6. HP: 50/50 MP: 8/8
  3054 | D:5      | Learned a level 1 spell: Summon Small Mammal
  3058 | D:5      | Identified the amulet "Paasmibb" {Harm rElec rF+ Regen+
                  | MP+9}
  3200 | D:5      | Reached skill level 1 in Translocations
  3430 | D:5      | Identified the +1 dagger of Impermanence {spect, +Blink
                  | rPois}
  3486 | D:6      | Noticed a shadow
  3832 | D:6      | Noticed a water moccasin
  3953 | D:6      | Killed a water moccasin
  3954 | D:6      | Reached skill level 1 in Conjurations
  3954 | D:6      | Reached XP level 7. HP: 58/58 MP: 6/9
  3991 | D:6      | Noticed Menkaure
  4022 | D:6      | Killed Menkaure
  4234 | D:6      | Killed a shadow
  4671 | D:7      | Reached XP level 8. HP: 67/67 MP: 10/10
  4794 | D:7      | Found a staircase to the Ecumenical Temple.
  4904 | Temple   | Entered the Ecumenical Temple
  5515 | D:7      | Reached skill level 5 in Fighting
  5704 | D:7      | Reached skill level 1 in Spellcasting
  5833 | D:6      | Paralysed by Grinder for 3 turns
  5843 | D:6      | Killed Grinder
  6752 | D:8      | Noticed Joseph
  6778 | D:8      | Reached XP level 9. HP: 69/74 MP: 15/15
  6913 | D:7      | Reached skill level 5 in Dodging
  6913 | D:7      | Reached skill level 5 in Translocations
  7106 | D:8      | Killed Joseph
  7107 | D:8      | Reached skill level 7 in Short Blades
  8104 | D:9      | Noticed a cyclops
  8106 | D:9      | Noticed a tengu conjurer
  8116 | D:9      | Killed a cyclops
  8117 | D:9      | Reached XP level 10. HP: 84/84 MP: 16/19
  8137 | D:9      | Noticed Maggie
  8147 | D:9      | HP: 2/79 [tengu conjurer/bolt of lightning (29)]
  8148 | D:9      | Killed from afar by Maggie

Illustrated notes

Levels and vault maps discovered:
D:1:      saegor_arrival_simple_c, layout_loops_ring,
          chequers_ecumenical_altar_island, minmay_worlds_worst_comb
D:2:      layout_basic, uniq_jessica
D:3:      layout_loops_cross, serial_shops, shop
D:4:      layout_basic, kennysheep_boxes
D:5:      layout_gridville, nicolae_tso_besieged_by_evil,
          nicolae_elevator_lobby_asterisk, uniq_grinder
D:6:      layout_basic, chequers_mini_garden, uniq_menkaure
D:7:      layout_gridville, minmay_temple_entry_arrows
D:8:      layout_cave_pods, nicolae_qazlal_scattered_showers, lemuel_tele_altar,
          hangedman_decor_growths, uniq_joseph
D:9:      minmay_chopped_fan, layout_small_grid, david_orc_3, serial_shops,
          shop, disabler_island, uniq_maggie
Temple:   compressed_dpeg_triangle_lava_temple

Skill      XL: |  1  2  3  4  5  6  7  8  9 |
---------------+----------------------------+-----
Short Blades   | 2 3 4 5 6 7 |  7.5
Fighting       | 3 4 5 6 |  6.7
Translocations | 2 3 4 6 |  6.0
Dodging        | 2 3 4 5 |  5.8
Conjurations   | 1 2 3 |  3.0
Spellcasting   | 1 3 |  3.8
Stealth        | |  4.9

Action                   |  1- 3 |  4- 6 |  7- 9 | 10-12 || total
-------------------------+-------+-------+-------+-------++-------
Melee: War axe           |    29 |       |       |       ||    29
       Short sword       |     5 |       |       |       ||     5
       Punch             |     2 |     5 |       |       ||     7
       Dagger            |    82 |   133 |   576 |    16 ||   807
       Rapier            |       |   167 |       |       ||   167
Throw: Dart              |       |     5 |       |       ||     5
       Boomerang         |       |     5 |     6 |     1 ||    12
 Cast: Summon Small Mamm |       |     3 |     5 |       ||     8
Evoke: Wand              |     1 |       |     1 |     1 ||     3
  Use: Scroll            |     1 |     4 |     1 |       ||     6
       Potion            |       |       |       |     1 ||     1
 Stab: Sleeping          |    12 |     6 |    10 |       ||    28
       Distracted        |       |       |    14 |       ||    14
Armor: Leather armour    |    37 |     1 |       |       ||    38
       Chain mail        |       |    88 |       |       ||    88
       Robe              |       |    33 |   190 |     8 ||   231
Dodge: Dodged            |    64 |    78 |   372 |     5 ||   519
Block: Buckler           |       |       |    91 |     2 ||    93

Table legend: (Time is in decaauts)
 A = Elapsed time spent in this place.
 B = Non-inter-level travel time spent in this place.
 C = Inter-level travel time spent in this place.
 D = Time resting spent in this place.
 E = Time spent auto-exploring this place.
 F = Levels seen in this place.
 G = Mean time per level.
                   A        B        C        D        E       F      G
               +--------+--------+--------+--------+--------+-----+--------+
         Total |   7945 |   7453 |    492 |    404 |   4601 |  10 |  794.5 |
       Dungeon |   7718 |   7244 |    474 |    402 |   4433 |   9 |  857.6 |
        Temple |    227 |    209 |     18 |      2 |    168 |   1 |  227.0 |
               +--------+--------+--------+--------+--------+-----+--------+

Top non-repeatable levels by time:
     D:5: 1327 daAuts
     D:7: 1197 daAuts
     D:6: 1063 daAuts
     D:8: 1040 daAuts
     D:4: 906 daAuts
     D:1: 777 daAuts
     D:3: 719 daAuts
     D:2: 551 daAuts
  Temple: 227 daAuts
     D:9: 133 daAuts
